SKY
ST. LOUIS CARDINALS @ CHICAGO CUBS
09/04/2052
 
TOP OF THE 1ST
St. Louis Cardinals batting - Pitching for Chicago Cubs : RHP Johnny Armour
Pitching: RHP Johnny Armour
Batting: RHB Edward Lepak 0-0: Ground out 3-1 (Groundball, 34S, EV 84.4 MPH)
Batting: RHB Bobby Grimm 0-0: Called Strike
0-1: Ball
1-1: Fly out, F8 (Flyball, 8RD, EV 103.8 MPH)
Batting: SHB Lucas Cavanaugh 0-0: Ball
1-0: Foul Ball, location: 9LMF
1-1: Called Strike
1-2: Foul Ball, location: 3FF
1-2: Foul Ball, location: 2F
1-2: Ball
2-2: Foul Ball, location: 2F
2-2: Foul Ball, location: 23F
2-2: Strikes out looking
Top of the 1st over - 0 runs, 0 hits, 0 errors, 0 left on base; St. Louis 0 - Chicago 0
BOTTOM OF THE 1ST
Chicago Cubs batting - Pitching for St. Louis Cardinals : RHP Ethan Minks
Pitching: RHP Ethan Minks
Batting: RHB Meredith Moore 0-0: Ball
1-0: Ground out 3-1 (Groundball, 34, EV 100.6 MPH)
Batting: LHB Ben Waters 0-0: Called Strike
0-1: Ball
1-1: Ball
2-1: Ball
3-1: Called Strike
3-2: Ground out 1-3 (Groundball, 13S, EV 67.5 MPH)
Batting: LHB José Armijo 0-0: Ball
1-0: Ball
2-0: Foul Ball, location: 7LMF
2-1: Foul Ball, location: 7LDF
2-2: Foul Ball, location: 2F
2-2: Foul Ball, location: 7LMF
2-2: Ball
3-2: DOUBLE (Line Drive, 9LS, EV 101.9 MPH)
Batting: RHB Marv Schuyler 0-0: DOUBLE (Flyball, 89XD, EV 99.4 MPH)
José Armijo scores
Batting: SHB Tony Jackson 0-0: Fly out, F2 (Popup, 5SF, EV 81.9 MPH)
Bottom of the 1st over - 1 run, 2 hits, 0 errors, 1 left on base; St. Louis 0 - Chicago 1
TOP OF THE 2ND
St. Louis Cardinals batting - Pitching for Chicago Cubs : RHP Johnny Armour
Batting: RHB Dan Moore 0-0: Called Strike
0-1: Ball
1-1: Ball
2-1: Ball
3-1: Fly out, F9 (Flyball, 9, EV 76.3 MPH)
Batting: LHB Josef Rosendorff 0-0: Called Strike
0-1: Ball
1-1: Ground out U3 (Groundball, 3, EV 80.6 MPH)
Batting: RHB Thomas Barraza 0-0: Ball
1-0: Called Strike
1-1: Swinging Strike
1-2: Strikes out looking
Top of the 2nd over - 0 runs, 0 hits, 0 errors, 0 left on base; St. Louis 0 - Chicago 1
BOTTOM OF THE 2ND
Chicago Cubs batting - Pitching for St. Louis Cardinals : RHP Ethan Minks
Batting: RHB Pokey Baker 0-0: Fly out, F8 (Flyball, 8RD, EV 110.6 MPH)
Batting: RHB Abel Stewart 0-0: Ball
1-0: Foul Ball, location: 2F
1-1: Called Strike
1-2: Foul Ball, location: 2F
1-2: Foul Ball, location: 2F
1-2: Strikes out swinging
Batting: RHB Graham O'Neill 0-0: Called Strike
0-1: DOUBLE (Flyball, 8LD, EV 103.1 MPH)
Batting: RHB Joseph Young 0-0: Foul Ball, location: 7LDF
0-1: Ground out 1-3 (Groundball, 15, EV 67.5 MPH)
Bottom of the 2nd over - 0 runs, 1 hit, 0 errors, 1 left on base; St. Louis 0 - Chicago 1
TOP OF THE 3RD
St. Louis Cardinals batting - Pitching for Chicago Cubs : RHP Johnny Armour
Batting: LHB David Atkinson 0-0: Ball
1-0: Ball
2-0: Ball
3-0: Called Strike
3-1: Foul Ball, location: 2F
3-2: Foul Ball, location: 2F
3-2: Base on Balls
Batting: LHB Marcus Jones 0-0: Fielders Choice at 2nd, 1-6 (Groundball, 13, EV 58.8 MPH)
Batting: RHB Shawn Henry 0-0: Grounds into double play, 6-4-3 (Groundball, 6, EV 80.6 MPH)
Top of the 3rd over - 0 runs, 0 hits, 0 errors, 0 left on base; St. Louis 0 - Chicago 1
BOTTOM OF THE 3RD
Chicago Cubs batting - Pitching for St. Louis Cardinals : RHP Ethan Minks
Batting: RHB Meredith Moore 0-0: SINGLE (Groundball, 6S, EV 81.9 MPH)
Batting: LHB Ben Waters 0-0: Called Strike
Meredith Moore steals 2nd base
0-1: Ball
Meredith Moore steals 3rd base
1-1: Ball
2-1: Foul Ball, location: 25F
2-2: Fly out, F4 (Flyball, 4D, EV 87.5 MPH)
Batting: LHB José Armijo 0-0: Ball
1-0: Ground out U3 (Groundball, 34, EV 77.5 MPH)
Meredith Moore scores
Batting: RHB Marv Schuyler 0-0: Ball
1-0: Called Strike
1-1: Fly out, F9 (Line Drive, 9, EV 94.4 MPH)
Bottom of the 3rd over - 1 run, 1 hit, 0 errors, 0 left on base; St. Louis 0 - Chicago 2
TOP OF THE 4TH
St. Louis Cardinals batting - Pitching for Chicago Cubs : RHP Johnny Armour
Batting: RHB Edward Lepak 0-0: Ball
1-0: Ball
2-0: Ground out 4-3 (Groundball, 34, EV 98.8 MPH)
Batting: RHB Bobby Grimm 0-0: Called Strike
0-1: Fly out, F4 (Popup, 34, EV 70.6 MPH)
Batting: SHB Lucas Cavanaugh 0-0: Ball
1-0: Ball
2-0: Foul Ball, location: 2F
2-1: Foul Ball, location: 5F
2-2: Foul Ball, location: 2F
2-2: Fly out, F8 (Flyball, 78S, EV 87.5 MPH)
Top of the 4th over - 0 runs, 0 hits, 0 errors, 0 left on base; St. Louis 0 - Chicago 2
BOTTOM OF THE 4TH
Chicago Cubs batting - Pitching for St. Louis Cardinals : RHP Ethan Minks
Batting: SHB Tony Jackson 0-0: Called Strike
0-1: Ground out 4-3 (Groundball, 34D, EV 98.8 MPH)
Batting: RHB Pokey Baker 0-0: Ground out 6-3 (Groundball, 6M, EV 107.5 MPH)
Batting: RHB Abel Stewart 0-0: Foul Ball, location: 7LSF
0-1: Hit by Pitch
Batting: RHB Graham O'Neill 0-0: Ball
1-0: Foul Ball, location: 3DF
1-1: Ball
2-1: Called Strike
2-2: Fielders Choice at 2nd, 6-4 (Groundball, 6, EV 86.3 MPH)
Bottom of the 4th over - 0 runs, 0 hits, 0 errors, 1 left on base; St. Louis 0 - Chicago 2
TOP OF THE 5TH
St. Louis Cardinals batting - Pitching for Chicago Cubs : RHP Johnny Armour
Batting: RHB Dan Moore 0-0: Called Strike
0-1: Swinging Strike
0-2: Ball
1-2: Foul Ball, location: 2F
1-2: Foul Ball, location: 2F
1-2: Foul Ball, location: 5FF
1-2: Ball
2-2: Strikes out looking
Batting: LHB Josef Rosendorff 0-0: Foul Ball, location: 7LMF
0-1: Ball
1-1: Fly out, F9 (Flyball, 9S, EV 85.0 MPH)
Batting: RHB Thomas Barraza 0-0: Ball
1-0: Fly out, F8 (Flyball, 8RD, EV 103.8 MPH)
Top of the 5th over - 0 runs, 0 hits, 0 errors, 0 left on base; St. Louis 0 - Chicago 2
BOTTOM OF THE 5TH
Chicago Cubs batting - Pitching for St. Louis Cardinals : RHP Ethan Minks
Batting: RHB Joseph Young 0-0: Foul Ball, location: 3DF
0-1: Fly out, F4 (Flyball, 34D, EV 90.6 MPH)
Batting: RHB Meredith Moore 0-0: Ball
1-0: Ball
2-0: Swinging Strike
2-1: Ball
3-1: Base on Balls
Batting: LHB Ben Waters 0-0: Ball
1-0: Foul Ball, location: 23F
1-1: Foul Ball, location: 3SF
1-2: Ball
2-2: Foul Ball, location: 7LMF
2-2: Ball
3-2: Fly out, F7 (Flyball, 7S, EV 97.5 MPH)
Batting: LHB José Armijo 0-0: Ball
1-0: Foul Ball, location: 7LSF
1-1: Foul Ball, location: 5SF
1-2: DOUBLE (Line Drive, 9LM, EV 91.3 MPH)
Meredith Moore to third
Batting: RHB Marv Schuyler 0-0: Ball
1-0: Swinging Strike
1-1: Called Strike
1-2: Strikes out swinging
Bottom of the 5th over - 0 runs, 1 hit, 0 errors, 2 left on base; St. Louis 0 - Chicago 2
TOP OF THE 6TH
St. Louis Cardinals batting - Pitching for Chicago Cubs : RHP Johnny Armour
Batting: LHB David Atkinson 0-0: DOUBLE (Line Drive, 89D, EV 105.6 MPH)
Batting: LHB Marcus Jones 0-0: Ball
1-0: Called Strike
1-1: Foul Ball, location: 5F
1-2: Ball
2-2: Foul Ball, location: 2F
2-2: Ball
3-2: Fly out, F3 (Popup, 3SF, EV 72.5 MPH)
Batting: RHB Shawn Henry 0-0: Ball
1-0: Ball
2-0: Ball
3-0: Base on Balls
Batting: RHB Edward Lepak 0-0: Ball
1-0: SINGLE (Groundball, 4M, EV 80.0 MPH)
David Atkinson to third
Shawn Henry to second
Batting: RHB Bobby Grimm 0-0: Foul Ball, location: 2F
0-1: Fly out, F9 (Line Drive, 89S, EV 91.3 MPH)
Batting: SHB Lucas Cavanaugh 0-0: Called Strike
0-1: Fly out, F8 (Flyball, 8LXD, EV 105.6 MPH)
Top of the 6th over - 0 runs, 2 hits, 0 errors, 3 left on base; St. Louis 0 - Chicago 2
BOTTOM OF THE 6TH
Chicago Cubs batting - Pitching for St. Louis Cardinals : RHP Ethan Minks
Batting: SHB Tony Jackson 0-0: Fly out, F8 (Line Drive, 8RM, EV 101.3 MPH)
Batting: RHB Pokey Baker 0-0: Foul Ball, location: 3SF
0-1: Ball
1-1: Foul Ball, location: 2F
1-2: Fly out, F7 (Line Drive, 78M, EV 94.4 MPH)
Batting: RHB Abel Stewart 0-0: Called Strike
0-1: Ball
1-1: Called Strike
1-2: Foul Ball, location: 3DF
1-2: Ball
2-2: Strikes out swinging
Bottom of the 6th over - 0 runs, 0 hits, 0 errors, 0 left on base; St. Louis 0 - Chicago 2
TOP OF THE 7TH
St. Louis Cardinals batting - Pitching for Chicago Cubs : RHP Johnny Armour
Now at 3B: Jonah Daley
Batting: RHB Dan Moore 0-0: Ball
1-0: Foul Ball, location: 9LMF
1-1: Swinging Strike
1-2: Strikes out looking
Batting: LHB Josef Rosendorff 0-0: Called Strike
0-1: Ball
1-1: Foul Ball, location: 25F
1-2: Foul Ball, location: 2F
1-2: Ball
2-2: Foul Ball, location: 7LSF
2-2: Foul Ball, location: 2F
2-2: Ground out U3 (Groundball, 3, EV 101.3 MPH)
Batting: RHB Thomas Barraza 0-0: Called Strike
0-1: Ball
1-1: Swinging Strike
1-2: SINGLE (Groundball, 34D, EV 110.0 MPH)
Batting: LHB David Atkinson 0-0: Fly out, F8 (Flyball, 8LM, EV 91.9 MPH)
Top of the 7th over - 0 runs, 1 hit, 0 errors, 1 left on base; St. Louis 0 - Chicago 2
BOTTOM OF THE 7TH
Chicago Cubs batting - Pitching for St. Louis Cardinals : RHP Ethan Minks
Batting: RHB Graham O'Neill 0-0: Ball
1-0: Foul Ball, location: 2LF
1-1: Ball
2-1: Fly out, F7 (Flyball, 78M, EV 83.8 MPH)
Batting: RHB Joseph Young 0-0: Called Strike
0-1: Foul Ball, location: 2F
0-2: Ball
1-2: Ball
2-2: Strikes out swinging
Batting: RHB Meredith Moore 0-0: Called Strike
0-1: Swinging Strike
0-2: Ball
1-2: Foul Ball, location: 23FF
1-2: Foul Ball, location: 2F
1-2: Foul Ball, location: 2F
1-2: Strikes out swinging
Bottom of the 7th over - 0 runs, 0 hits, 0 errors, 0 left on base; St. Louis 0 - Chicago 2
TOP OF THE 8TH
St. Louis Cardinals batting - Pitching for Chicago Cubs : RHP Johnny Armour
Pitching: RHP Brayan Juratovac
Batting: LHB Marcus Jones 0-0: Called Strike
0-1: Ball
1-1: DOUBLE (Flyball, 8RXD, EV 104.4 MPH)
Batting: RHB Shawn Henry 0-0: Fly out, F8 (Flyball, 78M, EV 91.3 MPH)
Batting: RHB Edward Lepak 0-0: Called Strike
0-1: Ball
1-1: Called Strike
1-2: Ball
2-2: Ball
3-2: Foul Ball, location: 2F
3-2: Ground out 5-3 (Groundball, 56S, EV 92.5 MPH)
Batting: RHB Bobby Grimm 0-0: Called Strike
0-1: Ball
1-1: Swinging Strike
1-2: Ball
2-2: Foul Ball, location: 25F
2-2: Strikes out looking
Top of the 8th over - 0 runs, 1 hit, 0 errors, 1 left on base; St. Louis 0 - Chicago 2
BOTTOM OF THE 8TH
Chicago Cubs batting - Pitching for St. Louis Cardinals : RHP Ethan Minks
Pitching: RHP Gael Veloz
Batting: LHB Ben Waters 0-0: Called Strike
0-1: Called Strike
0-2: Strikes out looking
Batting: LHB José Armijo 0-0: Ball
1-0: Foul Ball, location: 3F
1-1: Called Strike
1-2: Strikes out swinging
Batting: RHB Marv Schuyler 0-0: Swinging Strike
0-1: Called Strike
0-2: Strikes out looking
Bottom of the 8th over - 0 runs, 0 hits, 0 errors, 0 left on base; St. Louis 0 - Chicago 2
TOP OF THE 9TH
St. Louis Cardinals batting - Pitching for Chicago Cubs : RHP Brayan Juratovac
Batting: SHB Lucas Cavanaugh 0-0: Ball
1-0: Foul Ball, location: 3F
1-1: Swinging Strike
1-2: Ball
2-2: Ball
3-2: SINGLE (Line Drive, 7S, EV 103.1 MPH)
Batting: RHB Dan Moore 0-0: Grounds into double play, 5-4-3 (Groundball, 5S, EV 80.6 MPH)
Batting: LHB Josef Rosendorff 0-0: SINGLE (Line Drive, 56D, EV 96.9 MPH)
Batting: RHB Thomas Barraza 0-0: Foul Ball, location: 23F
0-1: Ball
1-1: Called Strike
1-2: Ball
2-2: Fly out, F8 (Flyball, 8LXD, EV 100.0 MPH)
Top of the 9th over - 0 runs, 2 hits, 0 errors, 1 left on base; St. Louis 0 - Chicago 2
Monday, May 6th , 2024 - OOTP Baseball 24.11 Build 85